Match 42927677
Unlisted

Match 42927677
End
250 Light Carrier
Selects Armored Support Battlegroup
Panzerpioneer Squad
Panzerpioneer Squad
Panzerpioneer Squad
Construct Light Support Kompanie
MG34 Team
Selects Veteran Gunners
2.5-tonne Medical Truck
Fire Support Elements
Flakvierling Half-track
Selects Salvage Kits
Pak 38 Mechanized Group
2.5-tonne Medical Truck
Veteran Squad Leaders
Vehicle Survival Package
Pak 38 Anti-tank Gun Team
MG34 Team
Construct Panzerarmee Kommand
著名指挥官白吉尔
著名指挥官突破仑
엄석대
Emanonevahi
XuZhongwei
linms82
hemingyang108
3+++
0
0

Comments sign in to comment!

No comments posted yet!